 Dungeon Crawl Stone Soup version 0.30-a0-49-g1cef19eb02 (webtiles) character file.

Game seed: 8434880257310851584

25 drugrobin the Sneak (level 2, 0/25 HPs)
             Began as a Demigod Delver on Sept 2, 2022.
             Slain by an orc
             ... wielding a +0 trident
              (2 damage)
             ... on level 4 of the Dungeon.
             The game lasted 00:02:45 (1093 turns).

drugrobin the Sneak (Demigod Delver)                Turns: 1093, Time: 00:02:45

Health: 0/25       AC:  3    Str: 13    XL:     2   Next: 66%
Magic:  4/4        EV: 11    Int: 18    God:
Gold:   87         SH:  0    Dex: 15    Spells: 1/1 levels left

rFire   . . .      SeeInvis .    a - +0 short sword
rCold   . . .      Faith    .    (no shield)
rNeg    . . .      Spirit   .    b - +0 leather armour
rPois   .          Reflect  .    (no helmet)
rElec   .          Harm     .    (no cloak)
rCorr   .          Rampage  .    (no gloves)
Will    .....                    (no boots)
Stlth   +++.......               (no amulet)
HPRegen 0.08/turn                i - ring of flight
MPRegen 0.09/turn                j - +6 ring of intelligence

@: flying
A: high MP 1, forlorn, divine attributes
a: no special abilities


You were on level 4 of the Dungeon.
You visited 1 branch of the dungeon, and saw 2 of its levels.

You collected 87 gold pieces.

Inventory:

Hand Weapons
 a - a +0 short sword (weapon)
Missiles
 h - 5 poisoned darts (quivered)
Armour
 b - a +0 leather armour (worn)
Jewellery
 i - a ring of flight (left hand)
 j - a +6 ring of intelligence (right hand)
Wands
 g - a wand of digging (3)
Scrolls
 c - a scroll of fog
 d - a scroll of magic mapping
 e - a scroll of fear
 k - a scroll of identify {unknown}
Potions
 f - a potion of haste
 l - a potion of cancellation {unknown}


   Skills:
 - Level 2.6 Fighting
 + Level 3.1 Short Blades
 - Level 1.7 Dodging
 - Level 4.5 Stealth


You had one spell level left.
You didn't know any spells.
Your spell library was empty.

Dungeon Overview and Level Annotations

Branches:
Dungeon (5/15)
 Temple: D:4-7


Innate Abilities, Weirdness & Mutations

You have an increased reservoir of magic. (+10% MP)
You shall have no god before yourself.
Your divine heritage dramatically boosts your attributes as you level up.


Message History

The orc is heavily wounded.
The orc barely misses you.
You barely miss the orc.
The orc is heavily wounded.
The orc hits you with a +0 dagger.
You hit the orc.
You kill the orc!
You see here a +0 dagger.
You start resting.
A hobgoblin comes into view.
Unknown command.
You closely miss the hobgoblin.
The hobgoblin shouts!
The hobgoblin hits you.
You closely miss the hobgoblin. The hobgoblin hits you.
You hit the hobgoblin.
The hobgoblin is heavily wounded.
The hobgoblin hits you but does no damage.
You hit the hobgoblin.
You kill the hobgoblin!
An orc comes into view. It is wielding a +0 trident.
You see here a +0 dagger.
Press: ? - help, v - describe, . - travel
Here: an orc, wielding a +0 trident and wearing a +0 ring mail The floor.
The orc closely misses you.
You barely miss the orc. The orc misses you.
You hit the orc but do no damage. The orc hits you with a +0 trident.
You closely miss the orc. The orc hits you with a +0 trident.
You closely miss the orc. The orc hits you with a +0 trident!
* * * LOW HITPOINT WARNING * * *
The orc hits you from afar with a +0 trident.
* * * LOW HITPOINT WARNING * * *
Unknown command.
Unknown command.
There is a stone staircase leading up here.
Unknown command.
Unknown command.
The orc hits you from afar with a +0 trident.
You die...

##########
####........######
#######....##.@........##
#...........o.#####.....#
.#####)#######
###.#...... #.# #.# ###..
#o# #.# ..# #.## .###
#..# #. ##.## # #.)##


You could see an orc.

Vanquished Creatures
  An adder (D:4)
  2 dart slugs (D:4)
  An orc (D:4)
  A hobgoblin (D:4)
  4 jackals (D:4)
  2 kobolds (D:4)
11 creatures vanquished.

Notes
Turn   | Place    | Note
-------+----------+-------------------------------------------
     0 | D:5      | drugrobin the Demigod Delver began the quest for the Orb.
     0 | D:5      | Reached XP level 1. HP: 18/18 MP: 3/3
   162 | D:4      | Noticed an iguana
   425 | D:4      | Reached XP level 2. HP: 24/25 MP: 4/4
  1093 | D:4      | Slain by an orc

Illustrated notes

Levels and vault maps discovered:
D:4:      layout_rooms
D:5:      layout_cave_pods, mainiacjoe_overflow_big_doors, okawaru_gym_becter,
          uniq_grinder

Skill      XL: |  1  2 |
---------------+-------+-----
Short Blades   | 2 3 |  3.1
Fighting       | |  2.6
Dodging        | |  1.7
Stealth        | |  4.5

Action                   || total
-------------------------++-------
Melee: Short sword       ||    61
 Stab: Sleeping          ||     1
Armor: Leather armour    ||    18
Dodge: Dodged            ||    25

Table legend: (Time is in decaauts)
 A = Elapsed time spent in this place.
 B = Non-inter-level travel time spent in this place.
 C = Inter-level travel time spent in this place.
 D = Time resting spent in this place.
 E = Time spent auto-exploring this place.
 F = Levels seen in this place.
 G = Mean time per level.
                   A        B        C        D        E       F      G
               +--------+--------+--------+--------+--------+-----+--------+
         Total |   1093 |   1036 |     57 |    581 |     32 |   2 |  546.5 |
       Dungeon |   1093 |   1036 |     57 |    581 |     32 |   2 |  546.5 |
               +--------+--------+--------+--------+--------+-----+--------+

Top non-repeatable levels by time:
     D:5: 695 daAuts
     D:4: 398 daAuts
